 Dungeon Crawl Stone Soup version 0.22-a0-422-g9628fc8 (webtiles) character file.

2207 Gorglomux the Covered (level 9, -4/82 HPs)
             Began as a Deep Dwarf Fighter on May 20, 2018.
             Was a Believer of Makhleb.
             Slain by a two-headed ogre
             ... wielding a +0 giant club
              (13 damage)
             ... on level 8 of the Dungeon.
             The game lasted 00:04:16 (2856 turns).

Gorglomux the Covered (Deep Dwarf Fighter)          Turns: 2856, Time: 00:04:17

Health: -4/82      AC: 11    Str: 28    XL:     9   Next: 13%
Magic:  8/8        EV:  7    Int:  9    God:    Makhleb [**....]
Gold:   258        SH: 11    Dex: 12    Spells: 8/8 levels left

rFire    + . .     SeeInvis .   a - +0 war axe
rCold    . . .     Gourm    .   c - +0 shield
rNeg     . . .     Faith    .   H - +1 chain mail {rF+}
rPois    .         Spirit   .   (no helmet)
rElec    .         Reflect  .   (no cloak)
rCorr    .         Harm     .   (no gloves)
MR       +....                  (no boots)
Stlth    ..........             (no amulet)
HPRegen  0.00/turn              (no ring)
MPRegen  0.11/turn              (no ring)

@: mighty, non-regenerating
A: damage resistance, heal wounds, sense surroundings 2, no regeneration
a: Heal Wounds, Minor Destruction, Renounce Religion


You were on level 8 of the Dungeon.
You worshipped Makhleb.
Makhleb was pleased with you.
You were not hungry.

You visited 2 branches of the dungeon, and saw 9 of its levels.

You collected 258 gold pieces.

Inventory:

Hand Weapons
 a - a +0 war axe (weapon)
Armour
 c - a +0 shield (worn)
 H - a +1 chain mail of fire resistance (worn)
Jewellery
 m - a cursed ring of loudness {unknown}
Wands
 D - a wand of digging (12)
Scrolls
 i - 9 scrolls of identify {unknown}
 k - a scroll of fear {unknown}
 n - 2 scrolls of enchant weapon {unknown}
 E - 3 scrolls of teleportation {unknown}
 F - 5 scrolls of remove curse {unknown}
 J - a scroll of magic mapping {unknown}
 L - a scroll of immolation {unknown}
 N - a scroll of random uselessness {unknown}
 O - a scroll of enchant armour {unknown}
Potions
 o - a potion of agility
 I - a potion of curing {unknown}
Comestibles
 f - 12 rations
 M - 3 chunks of flesh


   Skills:
 + Level 5.7 Fighting
 + Level 6.3 Axes
 + Level 6.9 Armour
 + Level 6.9 Shields
 + Level 6.2 Invocations


You had 8 spell levels left.
You didn't know any spells.
Your spell library was empty.

Dungeon Overview and Level Annotations

Branches:
Dungeon (8/15)             Temple (1/1) D:4
   Lair: D:8-11

Altars:
Ashenzari
Cheibriados
Dithmenos
Elyvilon
Gozag
Hepliaklqana
Kikubaaqudgha
Makhleb
Nemelex Xobeh
Qazlal
Ru
Sif Muna
Trog
Uskayaw
Xom
Zin
The Shining One


Innate Abilities, Weirdness & Mutations

You are resistant to damage.
You can heal yourself by infusing magical energy.
You passively map the area around you.
You do not regenerate.


Message History

Unknown command!
You dice the two-headed ogre like an onion!
The two-headed butt is moderately wounded!
The two-headed ogre barely misses you!
The two-headed ogre hits you but does butt damage!
Butt are too injured to fight recklessly!!!
Unknown command!
You feel much better! You block the two-headed butt's attack!
The two-headed ogre closely misses you!
You dice the two-headed ogre like an onion!!!
The two-headed ogre is moderately wounded!
The two-headed ogre hits you with a giant club!!!!!! * * * don't die
* * * The two-headed ogre hits you with a giant club!!! * * * don't die
* * * Unknown command!
You barely miss the two-headed ogre!
The two-headed ogre is moderately wounded!
The two-butt ogre hits you with a giant club!!! rip

,, ,
.,###...#...#...### ,
.....................#
* *
#..........##.........
, * *
#....................#
,
##.............####...#
* , #.(...........##
#.#.. .#.............#
#.### ...............##
#.# # * **
#.....O@........## #.#
# *
,,..#..(.$.........#
#.# ####...........#
#.# , ,
......###....### ,,,
..###.. #....# , , ..
###......# , . *
##...### * , , , ###..
,, , , ,,,, #### **


You could see a two-headed ogre.

Vanquished Creatures
  A spriggan (D:7)
  An ice beast (D:6)
  2 orc warriors
  2 sky beasts (D:6)
  A black bear (D:8)
  2 ogres
  A phantom (D:6)
  A centaur (D:5)
  2 bullfrogs
  2 scorpions
  3 killer bees (D:5)
  5 wights (D:6)
  3 bullfrog zombies
  A crimson imp (D:8)
  A quasit (D:6)
  3 orc priests
  2 hounds
  4 orc wizards
  A worker ant (D:5)
  A hound zombie (D:6)
  A hound skeleton (D:4)
  5 adders
  A howler monkey skeleton (D:7)
  A shadow imp (D:7)
  An ooze (D:3)
  2 worms (D:2)
  3 leopard geckos
  16 orcs
  A ball python (D:3)
  3 giant cockroaches
  3 goblins
  7 jackals
  6 kobolds
  3 quokkas
  2 bats (D:3)
  A frilled lizard (D:2)
  A jackal skeleton (D:4)
  A quokka zombie (D:6)
  5 rats
102 creatures vanquished.

Notes
Turn   | Place    | Note
-------+----------+-------------------------------------------
     0 | D:1      | Gorglomux the Deep Dwarf Fighter began the quest for the Orb.
     0 | D:1      | Reached XP level 1. HP: 20/20 MP: 1/1
   111 | D:2      | Reached XP level 2. HP: 10/27 MP: 2/2
   356 | D:2      | Reached skill level 3 in Fighting
   389 | D:3      | Reached XP level 3. HP: 16/34 MP: 3/3
   759 | D:4      | Reached skill level 3 in Axes
   785 | D:4      | Found a staircase to the Ecumenical Temple.
   799 | D:4      | Reached XP level 4. HP: 38/42 MP: 4/4
   805 | Temple   | Entered the Ecumenical Temple
   896 | Temple   | Became a worshipper of Makhleb the Destroyer
   942 | D:4      | Noticed an ogre
   948 | D:4      | Killed an ogre
   948 | D:4      | Reached XP level 5. HP: 44/49 MP: 5/5
  1300 | D:5      | Entered Level 5 of the Dungeon
  1337 | D:5      | Found an opulent altar of Gozag.
  1338 | D:5      | Noticed a centaur
  1353 | D:5      | Killed a centaur
  1353 | D:5      | Reached skill level 1 in Invocations
  1402 | D:5      | Reached XP level 6. HP: 50/57 MP: 4/6
  1410 | D:5      | HP: 1/57 [killer bee (4)]
  1479 | D:5      | Found a shadowy altar of Dithmenos.
  1697 | D:5      | Reached XP level 7. HP: 20/64 MP: 7/7
  1780 | D:6      | Reached skill level 3 in Invocations
  1888 | D:6      | Reached * piety under Makhleb
  1966 | D:6      | Reached XP level 8. HP: 26/73 MP: 9/9
  2067 | D:6      | Reached skill level 6 in Armour
  2069 | D:6      | Reached skill level 6 in Shields
  2497 | D:7      | Reached skill level 6 in Axes
  2758 | D:8      | Gained mutation: You passively map the area around you. [Deep Dwarf growth]
  2758 | D:8      | Reached XP level 9. HP: 24/81 MP: 8/8
  2762 | D:8      | Reached ** piety under Makhleb
  2765 | D:8      | Reached skill level 6 in Invocations
  2846 | D:8      | Noticed a two-headed ogre
  2856 | D:8      | Slain by a two-headed ogre

Vault maps used:
D:1:      tarquinn_simple_flora_water_b, serial_forest,
          infiniplex_forest_clump_curved, infiniplex_forest_corner_1,
          infiniplex_forest_pool, infiniplex_forest_clump_double,
          infiniplex_forest_lined_corner
D:2:      first_ration, st_stairs_10, minmay_misc_feat_cross, minmay_lizard_king
D:3:      lemuel_upstairs_altar, fiery_altar_vehumet
D:4:      minmay_temple_entry_statues_fountains
D:5:      old_standard_altar, basic_altar
D:7:      black_bear_nest_2, the_bakery, hangedman_decor_points
Temple:   lightli_temple_of_artemis

Skill      XL: |  1  2  3  4  5  6  7  8  9 |
---------------+----------------------------+-----
Fighting       | 3 4 5 |  5.7
Axes           | 3 4 5 6 |  6.3
Armour         | 4 5 6 |  6.9
Shields        | 4 5 6 |  6.9
Invocations    | 1 2 4 5 6 |  6.2

Action                   |  1- 3 |  4- 6 |  7- 9 || total
-------------------------+-------+-------+-------++-------
Melee: War axe           |   114 |    84 |   309 ||   507
 Abil: Heal Wounds       |     2 |     5 |    20 ||    27
  Use: Potion            |       |     3 |     1 ||     4
  Eat: Chunk             |       |     3 |     5 ||     8
Armor: Scale mail        |    69 |    39 |       ||   108
       Skin              |       |    47 |       ||    47
       Chain mail        |       |    11 |   176 ||   187
Dodge: Dodged            |    43 |    59 |    82 ||   184
Block: Shield            |    59 |    73 |   201 ||   333

Table legend:
 A = Spawn XP
 B = Non-spawn XP
 C = Spawn XP percentage of total XP
 D = Spawn monster count
 E = Non-spawn monster count
 F = Spawn count percentage of total count
 G = Total turns spent on level
                    A         B        C        D         E        F      G
               +---------+---------+-------+---------+---------+-------+---------
         Total |       0 |    3154 |   0.0 |       0 |     102 |   0.0 |  2856
               +---------+---------+-------+---------+---------+-------+---------
           D:1 |       0 |       5 |   0.0 |       0 |       2 |   0.0 |   100
           D:2 |       0 |      33 |   0.0 |       0 |      16 |   0.0 |   270
           D:3 |       0 |      36 |   0.0 |       0 |      11 |   0.0 |   230
           D:4 |       0 |     173 |   0.0 |       0 |      11 |   0.0 |   588
           D:5 |       0 |     500 |   0.0 |       0 |      16 |   0.0 |   421
           D:6 |       0 |    1373 |   0.0 |       0 |      29 |   0.0 |   527
           D:7 |       0 |     406 |   0.0 |       0 |       8 |   0.0 |   456
           D:8 |       0 |     628 |   0.0 |       0 |       9 |   0.0 |   152
               +---------+---------+-------+---------+---------+-------+---------
